WCHLSIM.com - West Coast Hockey League
html PUBLIC "-//W3C//DTD XHTML 1.0 Transitional//EN" "http://www.w3.org/TR/xhtml1/DTD/xhtml1-transitional.dtd"> WCHL - Game 858 - ANCHORAGE ACES vs SAN FRANCISCO SPIDERS

ANCHORAGE ACES vs SAN FRANCISCO SPIDERS

Created - 25 mars 2021 at 20:57

Goals
1 2 3 OT1 T
ANCHORAGE ACES 2 0 1 1 4
SAN FRANCISCO SPIDERS 0 3 0 0 3
Shots
1 2 3 OT1 T
ANCHORAGE ACES 13 22 11 3 49
SAN FRANCISCO SPIDERS 5 7 2 1 15

1st period

1. ANCHORAGE ACES , Nathan MacKinnon 35 (Connor McDavid 51) at 2:21
2. ANCHORAGE ACES , Connor McDavid 20 (Nathan MacKinnon 39) at 12:35

Penalties :
Sean Walker (SAF) for High sticking (Minor) at 4:23

2nd period

3. SAN FRANCISCO SPIDERS , Dominik Kahun 12 (Calle Jarnkrok 19) at 6:45
4. SAN FRANCISCO SPIDERS , Tyler Myers 5 (Andrei Svechnikov 23, Milan Lucic 8) at 10:06
5. SAN FRANCISCO SPIDERS , Alexander Kerfoot 9 (Darnell Nurse 16, Erik Haula 19) at 10:33

Penalties :
No Penalty

3rd period

6. ANCHORAGE ACES , Connor McDavid 21 (Nathan MacKinnon 40, Nikolaj Ehlers 38) at 0:57

Penalties :
Michael Stone (SAF) for Hooking (Minor) at 5:56, Tyler Myers (SAF) for Roughing (Minor) at 10:14

Overtime #1

7. ANCHORAGE ACES , Nathan MacKinnon 36 (Nikolaj Ehlers 39, Seth Jones 21) at 4:51

Penalties :
No Penalty

Goalie Stats

Carey Price (ANC), 12 saves from 15 shots - (0,800), W, 24-10-4, 64:52 minutes
Igor Shesterkin (SAF), 45 saves from 49 shots - (0,918), OTL, 3-18-4, 64:52 minutes

Players Stats for ANCHORAGE ACES

Player Name              G  A  P  +/- PIM S  H  SB GA TA FO     MP     PP MP  PK MP  
------------------------------------------------------------------------------------
Ben Chiarot              0  0  0  -1  0   1  3  0  0  0  0/0    21:09   3:23   0:00 
Cal Clutterbuck          0  0  0   0  0   3  3  0  0  0  1/2    11:51   0:00   0:00 
Carl Gunnarsson          0  0  0   0  0   0  0  0  0  0  0/0    11:57   0:00   0:00 
Chris Kreider            0  0  0  -1  0   5  4  0  0  0  1/4    25:13   2:40   0:00 
Connor McDavid           2  1  3   1  0   9  2  2  0  0  15/23  26:08   2:40   0:00 
Dominik Simon            0  0  0   0  0   3  0  0  0  0  1/1    12:30   0:00   0:00 
Jacob de la Rose         0  0  0   0  0   0  1  0  0  0  1/2     4:26   0:00   0:00 
Jakob Silfverberg        0  0  0  -1  0   7  0  0  0  0  1/2    19:37   2:37   0:00 
Joakim Ryan              0  0  0   0  0   0  0  0  0  0  0/0     3:22   0:40   0:00 
Michael Frolik           0  0  0   0  0   0  0  0  0  0  0/0     4:27   0:40   0:00 
Nate Thompson            0  0  0   0  0   0  0  0  0  0  11/13  13:16   1:25   0:00 
Nathan Beaulieu          0  0  0   0  0   1  0  0  0  0  0/0    12:35   0:40   0:00 
Nathan MacKinnon         2  2  4   2  0   6  0  0  0  0  5/7    26:17   2:40   0:00 
Nikolaj Ehlers           0  2  2   2  0   2  0  0  0  0  2/4    25:42   2:32   0:00 
Phillip Danault          0  0  0  -1  0   6  0  0  0  0  12/23  20:17   2:37   0:00 
Seth Jones               0  1  1   2  0   3  1  2  0  0  0/0    28:24   1:54   0:00 
Shea Weber               0  0  0   1  0   3  3  0  0  0  0/0    26:07   1:54   0:00 
Zachary Werenski         0  0  0  -1  0   0  1  0  0  0  0/0    21:18   3:23   0:00 

Players Stats for SAN FRANCISCO SPIDERS

Player Name              G  A  P  +/- PIM S  H  SB GA TA FO     MP     PP MP  PK MP  
------------------------------------------------------------------------------------
Alex Chiasson            0  0  0   0  0   0  1  0  0  0  0/0    11:06   0:00   0:00 
Alexander Kerfoot        1  0  1   0  0   1  0  1  0  0  1/1    12:15   0:00   1:09 
Andrei Svechnikov        0  1  1  -2  0   3  0  1  0  0  1/3    21:11   0:00   3:22 
Calle Jarnkrok           0  1  1   1  0   1  0  0  0  0  7/18   12:24   0:00   0:53 
Danton Heinen            0  0  0  -1  0   1  0  0  0  0  7/21   18:37   0:00   3:01 
Darnell Nurse            0  1  1  -1  0   1  1  1  0  0  0/0    24:46   0:00   3:50 
Dominik Kahun            1  0  1   1  0   1  0  0  0  0  0/0    11:00   0:00   0:07 
Eric Robinson            0  0  0   0  0   1  2  0  0  0  1/2    18:39   0:00   0:00 
Erik Haula               0  1  1   0  0   2  3  0  0  0  5/12   15:03   0:00   1:56 
Jordan Oesterle          0  0  0  -1  0   1  1  0  0  0  0/0    19:50   0:00   2:07 
Kirby Dach               0  0  0   0  0   0  0  0  0  0  7/20   16:28   0:00   0:00 
Michael Stone            0  0  0  -1  2   0  1  2  0  0  0/0    18:50   0:00   2:12 
Milan Lucic              0  1  1  -2  0   0  2  0  0  0  2/3    18:18   0:00   1:26 
Nate Schmidt             0  0  0  -1  0   1  1  2  0  0  0/0    17:49   0:00   0:51 
Nico Sturm               0  0  0   0  0   1  0  0  0  0  0/1    17:53   0:00   0:00 
Owen Tippett             0  0  0   1  0   0  1  0  0  0  0/0    10:53   0:00   0:00 
Sean Walker              0  0  0   2  2   0  3  0  0  0  0/0    18:57   0:00   0:55 
Tyler Myers              1  0  1   1  2   1  1  3  0  0  0/0    24:37   0:00   1:59 

3 Stars

1 - Nathan MacKinnon (ANC)
2 - Connor McDavid (ANC)
3 - Nikolaj Ehlers (ANC)

Power Play

ANCHORAGE ACES - 0 on 3 Attempt(s) - 0,00%
SAN FRANCISCO SPIDERS - 0 on 0 Attempt(s) - 0,00%

Penalty Kill

ANCHORAGE ACES - 0 on 0 Attempt(s) - 0,00% - Score 0 goal in Penalty Kill
SAN FRANCISCO SPIDERS - 3 on 3 Attempt(s) - 100,00% - Score 0 goal in Penalty Kill

Team Stat

ANCHORAGE ACES - Hits : 18 - Faceoff Wins : 50 - Blocked Shots : 4 - Penalty Minutes : 0
SAN FRANCISCO SPIDERS - Hits : 17 - Faceoff Wins : 31 - Blocked Shots : 10 - Penalty Minutes : 6

Official

Referees : Mitch Dunning and Graham Skilliter
Linesman : Bevan Mills and Bryan Pancich

Game Notes

No Game Note

Finance

Level 1 -- Attendance: 5397 (88,40%) -- Ticket Income 809 550 $
Level 2 -- Attendance: 5048 (97,45%) -- Ticket Income 504 800 $
Level 3 -- Attendance: 2005 (98,53%) -- Ticket Income 160 400 $
Level 4 -- Attendance: 3406 (81,48%) -- Ticket Income 204 360 $
Luxury Box -- Attendance: 700 (70,00%) -- Ticket Income 210 000 $
Game was played at the Bay Area Sports Center.
Total Attendance: 16556 (89,49%)
Total Ticket Income: 1 889 110 $
Other Expense: 18 891 $
Total Income: 1 870 219 $

ANCHORAGE ACES

5 vs 5 Forward 
   Center                   Left Wing                Right Wing               Time % Phy DF OF 
 1 Connor McDavid           Nikolaj Ehlers           Nathan MacKinnon         37     0   0  5  
 2 Phillip Danault          Chris Kreider            Jakob Silfverberg        33     0   1  4  
 3 Nate Thompson            Dominik Simon            Cal Clutterbuck          20     1   2  2  
 4 Jacob de la Rose         Chris Kreider            Michael Frolik           10     1   2  2  

5 vs 5 Defense 
   Defense                  Defense                                           Time % Phy DF OF 
 1 Shea Weber               Seth Jones                                        38     1   2  2  
 2 Zachary Werenski         Ben Chiarot                                       33     1   2  2  
 3 Carl Gunnarsson          Nathan Beaulieu                                   23     1   2  2  
 4 Joakim Ryan              Seth Jones                                        6      1   2  2  

PowerPlay Forward 
   Center                   Left Wing                Right Wing               Time % Phy DF OF 
 1 Nathan MacKinnon         Chris Kreider            Connor McDavid           55     0   0  5  
 2 Phillip Danault          Nikolaj Ehlers           Jakob Silfverberg        45     0   0  5  

PowerPlay Defense
   Defense                  Defense                                           Time % Phy DF OF 
 1 Shea Weber               Seth Jones                                        55     1   2  2  
 2 Zachary Werenski         Ben Chiarot                                       45     1   2  2  

Penalty Kill 4 Players Forward 
   Center                   Wing                     Time % Phy DF OF 
 1 Phillip Danault          Jakob Silfverberg        55     1   3  1  
 2 Nate Thompson            Dominik Simon            45     1   3  1  

Penalty Kill 4 Players Defense
   Defense                  Defense                  Time % Phy DF OF 
 1 Seth Jones               Shea Weber               55     1   3  1  
 2 Ben Chiarot              Zachary Werenski         45     1   3  1  

Penalty Kill - 3 Players Forward 
   Forward                                           Time % Phy DF OF 
 1 Phillip Danault                                   55     0   5  0  
 2 Nate Thompson                                     45     0   5  0  

Penalty Kill - 3 Players Defense
   Defense                  Defense                  Time % Phy DF OF 
 1 Seth Jones               Shea Weber               55     0   5  0  
 2 Nathan Beaulieu          Carl Gunnarsson          45     0   5  0  

4 vs 4 Forward 
   Center                   Wing                     Time % Phy DF OF 
 1 Connor McDavid           Nathan MacKinnon         55     1   2  2  
 2 Nikolaj Ehlers           Chris Kreider            45     1   2  2  

4 vs 4 Defense
   Defense                  Defense                  Time % Phy DF OF 
 1 Shea Weber               Seth Jones               55     1   2  2  
 2 Carl Gunnarsson          Nathan Beaulieu          45     1   2  2  

Last Minutes Offensive
   Center                   Left Wing                Right Wing               Defense                  Defense                  
   Nathan MacKinnon         Nikolaj Ehlers           Connor McDavid           Shea Weber               Seth Jones               

Last Minutes Defensive
   Center                   Left Wing                Right Wing               Defense                  Defense                  
   Phillip Danault          Chris Kreider            Jakob Silfverberg        Shea Weber               Seth Jones               

Goaltenders
Starting : Carey Price              
Backup : James Reimer             

Extra Forwards
Normal : Phillip Danault, Nathan MacKinnon, Connor McDavid - PP : Chris Kreider, Jakob Silfverberg - PK : Jacob de la Rose
Extra Defensemen
Normal : Seth Jones, Shea Weber, Zachary Werenski - PP : Seth Jones - PK : Ben Chiarot, Shea Weber
Penalty Shots
Nathan MacKinnon, Connor McDavid, Nikolaj Ehlers, Chris Kreider, Jakob Silfverberg
Custom OT Lines Forwards
Nathan MacKinnon, Nikolaj Ehlers, Connor McDavid, Chris Kreider, Phillip Danault, Jakob Silfverberg, Dominik Simon, Nate Thompson, Jacob de la Rose, Michael Frolik
Custom OT Lines Defensemen
Seth Jones, Shea Weber, Zachary Werenski, Ben Chiarot, Carl Gunnarsson

Scratches
Artturi Lehkonen (Broken Right Foot Toe Injury), Curtis Lazar (Right Hand Injury), Robert Bortuzzo (Healthy)

SAN FRANCISCO SPIDERS

5 vs 5 Forward 
   Center                   Left Wing                Right Wing               Time % Phy DF OF 
 1 Danton Heinen            Milan Lucic              Andrei Svechnikov        30     0   0  5  
 2 Kirby Dach               Eric Robinson            Nico Sturm               30     0   0  5  
 3 Calle Jarnkrok           Dominik Kahun            Owen Tippett             20     0   0  5  
 4 Erik Haula               Alexander Kerfoot        Alex Chiasson            20     0   0  5  

5 vs 5 Defense 
   Defense                  Defense                                           Time % Phy DF OF 
 1 Jordan Oesterle          Michael Stone                                     34     0   5  0  
 2 Tyler Myers              Sean Walker                                       33     0   5  0  
 3 Nate Schmidt             Darnell Nurse                                     32     0   5  0  
 4 Darnell Nurse            Tyler Myers                                       1      0   5  0  

PowerPlay Forward 
   Center                   Left Wing                Right Wing               Time % Phy DF OF 
 1 Danton Heinen            Milan Lucic              Andrei Svechnikov        55     0   1  4  
 2 Erik Haula               Kirby Dach               Nico Sturm               45     0   1  4  

PowerPlay Defense
   Defense                  Defense                                           Time % Phy DF OF 
 1 Michael Stone            Sean Walker                                       55     0   3  2  
 2 Darnell Nurse            Tyler Myers                                       45     0   3  2  

Penalty Kill 4 Players Forward 
   Center                   Wing                     Time % Phy DF OF 
 1 Danton Heinen            Andrei Svechnikov        55     0   4  1  
 2 Milan Lucic              Erik Haula               45     0   4  1  

Penalty Kill 4 Players Defense
   Defense                  Defense                  Time % Phy DF OF 
 1 Jordan Oesterle          Sean Walker              55     0   5  0  
 2 Darnell Nurse            Tyler Myers              45     0   5  0  

Penalty Kill - 3 Players Forward 
   Forward                                           Time % Phy DF OF 
 1 Erik Haula                                        55     0   5  0  
 2 Andrei Svechnikov                                 45     0   5  0  

Penalty Kill - 3 Players Defense
   Defense                  Defense                  Time % Phy DF OF 
 1 Sean Walker              Jordan Oesterle          55     0   5  0  
 2 Darnell Nurse            Tyler Myers              45     0   5  0  

4 vs 4 Forward 
   Center                   Wing                     Time % Phy DF OF 
 1 Milan Lucic              Andrei Svechnikov        55     1   1  3  
 2 Kirby Dach               Erik Haula               45     1   1  3  

4 vs 4 Defense
   Defense                  Defense                  Time % Phy DF OF 
 1 Michael Stone            Sean Walker              55     1   3  1  
 2 Tyler Myers              Darnell Nurse            45     0   5  0  

Last Minutes Offensive
   Center                   Left Wing                Right Wing               Defense                  Defense                  
   Erik Haula               Eric Robinson            Andrei Svechnikov        Tyler Myers              Michael Stone            

Last Minutes Defensive
   Center                   Left Wing                Right Wing               Defense                  Defense                  
   Erik Haula               Eric Robinson            Andrei Svechnikov        Tyler Myers              Michael Stone            

Goaltenders
Starting : Igor Shesterkin          
Backup : Malcolm Subban           

Extra Forwards
Normal : Kirby Dach, Nico Sturm, Danton Heinen - PP : Kirby Dach, Nico Sturm - PK : Danton Heinen
Extra Defensemen
Normal : Sean Walker, Darnell Nurse, Tyler Myers - PP : Tyler Myers - PK : Tyler Myers, Darnell Nurse
Penalty Shots
Danton Heinen, Andrei Svechnikov, Nico Sturm, Erik Haula, Milan Lucic
Custom OT Lines Forwards
Eric Robinson, Andrei Svechnikov, Nico Sturm, Erik Haula, Milan Lucic, Calle Jarnkrok, Danton Heinen, Dominik Kahun, Alexander Kerfoot, Kirby Dach
Custom OT Lines Defensemen
Tyler Myers, Darnell Nurse, Jordan Oesterle, Sean Walker, Nate Schmidt

Scratches
Michael Anderson (Right Foot Injury), Collin Delia (Healthy)

% Time on Ice - ANCHORAGE ACES

Lines # - Real PCT - Wanted PCT - Time Play
Normal Forward
1 - 39% - 37% - 20:53
2 - 31% - 33% - 16:53
3 - 22% - 20% - 11:51
4 - 8% - 10% - 4:26
Normal Defense
1 - 40% - 38% - 21:38
2 - 33% - 33% - 17:46
3 - 22% - 23% - 11:57
4 - 5% - 6% - 2:42
PP Forward
1 - 45% - 55% - 2:40
2 - 55% - 45% - 3:17
PP Defense
1 - 32% - 55% - 1:54
2 - 68% - 45% - 4:03
PK Forward
1 - 0% - 55%
2 - 0% - 45%
PK Defense
1 - 0% - 55%
2 - 0% - 45%
PK3 Forward
1 - 0% - 55%
2 - 0% - 45%
PK3 Defense
1 - 0% - 55%
2 - 0% - 45%
44 Forward
1 - 0% - 55%
2 - 0% - 45%
44 Defense
1 - 0% - 55%
2 - 0% - 45%
Last Minute Offensive  - 0:00
Last Minute Defensive  - 0:00
Total
Forward - 60:00
Defense - 60:00

% Time on Ice - SAN FRANCISCO SPIDERS

Lines # - Real PCT - Wanted PCT - Time Play
Normal Forward
1 - 29% - 30% - 15:36
2 - 30% - 30% - 16:28
3 - 20% - 20% - 10:53
4 - 21% - 20% - 11:06
Normal Defense
1 - 31% - 34% - 16:39
2 - 33% - 33% - 18:03
3 - 31% - 32% - 16:58
4 - 4% - 1% - 2:23
PP Forward
1 - 0% - 55%
2 - 0% - 45%
PP Defense
1 - 0% - 55%
2 - 0% - 45%
PK Forward
1 - 68% - 55% - 4:01
2 - 32% - 45% - 1:56
PK Defense
1 - 43% - 55% - 2:34
2 - 57% - 45% - 3:23
PK3 Forward
1 - 0% - 55%
2 - 0% - 45%
PK3 Defense
1 - 0% - 55%
2 - 0% - 45%
44 Forward
1 - 0% - 55%
2 - 0% - 45%
44 Defense
1 - 0% - 55%
2 - 0% - 45%
Last Minute Offensive  - 0:00
Last Minute Defensive  - 0:00
Total
Forward - 60:00
Defense - 60:00

Play-by-Play

1st period


0:01 of 1st period - Danton Heinen wins face-off versus Nathan MacKinnon in neutral zone.
0:16 of 1st period - Shot by Andrei Svechnikov.
0:16 of 1st period - Deflect By Danton Heinen.
0:16 of 1st period - Shot Blocked by Seth Jones.
0:41 of 1st period - Off-side.
0:42 of 1st period - Kirby Dach wins face-off versus Phillip Danault in neutral zone.
0:58 of 1st period - Icing by Tyler Myers.
0:59 of 1st period - Nate Thompson wins face-off versus Kirby Dach in SAN FRANCISCO SPIDERS zone.
1:40 of 1st period - Nate Schmidt is hit by Cal Clutterbuck and loses puck.
1:51 of 1st period - Shot by Chris Kreider.
1:51 of 1st period - Shot Misses the Net.
2:15 of 1st period - Shot by Chris Kreider.
2:15 of 1st period - Shot Misses the Net.
2:17 of 1st period - Shot by Phillip Danault.
2:17 of 1st period - Stopped by Igor Shesterkin without a rebound.
2:18 of 1st period - Connor McDavid wins face-off versus Erik Haula in SAN FRANCISCO SPIDERS zone.
2:21 of 1st period - Shot by Nathan MacKinnon.
2:21 of 1st period - Goal by Nathan MacKinnon - ANCHORAGE ACES : 1 - SAN FRANCISCO SPIDERS : 0.
2:22 of 1st period - Connor McDavid wins face-off versus Erik Haula in neutral zone.
3:00 of 1st period - Shot by Alex Chiasson.
3:00 of 1st period - Deflect By Erik Haula.
3:00 of 1st period - Stopped by Carey Price with a rebound.
3:02 of 1st period - Shot by Jordan Oesterle.
3:02 of 1st period - Stopped by Carey Price without a rebound.
3:03 of 1st period - Jacob de la Rose wins face-off versus Danton Heinen in ANCHORAGE ACES zone.
3:46 of 1st period - Chris Kreider is hit by Darnell Nurse and loses puck.
4:05 of 1st period - Shot by Dominik Simon.
4:05 of 1st period - Shot Misses the Net.
4:16 of 1st period - Shot by Seth Jones.
4:16 of 1st period - Stopped by Igor Shesterkin with a rebound.
4:18 of 1st period - Shot by Shea Weber.
4:18 of 1st period - Stopped by Igor Shesterkin without a rebound.
4:19 of 1st period - Connor McDavid wins face-off versus Kirby Dach in SAN FRANCISCO SPIDERS zone.
4:23 of 1st period - Minor Penalty to Sean Walker for High sticking.
4:24 of 1st period - Alexander Kerfoot wins face-off versus Phillip Danault in SAN FRANCISCO SPIDERS zone.
5:05 of 1st period - Shot by Nikolaj Ehlers.
5:05 of 1st period - Stopped by Igor Shesterkin without a rebound.
5:06 of 1st period - Nathan MacKinnon wins face-off versus Danton Heinen in SAN FRANCISCO SPIDERS zone.
5:42 of 1st period - Shot by Connor McDavid.
5:42 of 1st period - Shot Blocked by Darnell Nurse.
8:06 of 1st period - Erik Haula is hit by Shea Weber and loses puck.
8:14 of 1st period - Icing by Phillip Danault.
8:15 of 1st period - Danton Heinen wins face-off versus Phillip Danault in ANCHORAGE ACES zone.
8:15 of 1st period - Andrei Svechnikov is hit by Shea Weber and loses puck.
9:00 of 1st period - Icing by Tyler Myers.
9:01 of 1st period - Danton Heinen wins face-off versus Connor McDavid in SAN FRANCISCO SPIDERS zone.
9:07 of 1st period - Tyler Myers is hit by Ben Chiarot and loses puck.
9:22 of 1st period - Shot by Eric Robinson.
9:22 of 1st period - Stopped by Carey Price with a rebound.
9:28 of 1st period - Shot by Kirby Dach.
9:28 of 1st period - Shot Misses the Net.
9:38 of 1st period - Shot by Eric Robinson.
9:38 of 1st period - Shot Misses the Net.
9:42 of 1st period - Shot by Nico Sturm.
9:42 of 1st period - Stopped by Carey Price with a rebound.
9:51 of 1st period - Kirby Dach is hit by Ben Chiarot and loses puck.
10:11 of 1st period - Darnell Nurse is hit by Seth Jones and loses puck.
10:41 of 1st period - Icing by Alexander Kerfoot.
10:42 of 1st period - Nate Thompson wins face-off versus Erik Haula in SAN FRANCISCO SPIDERS zone.
10:47 of 1st period - Shot by Dominik Simon.
10:47 of 1st period - Stopped by Igor Shesterkin without a rebound.
10:48 of 1st period - Nate Thompson wins face-off versus Calle Jarnkrok in SAN FRANCISCO SPIDERS zone.
11:43 of 1st period - Shot by Connor McDavid.
11:43 of 1st period - Stopped by Igor Shesterkin without a rebound.
11:44 of 1st period - Kirby Dach wins face-off versus Phillip Danault in SAN FRANCISCO SPIDERS zone.
11:44 of 1st period - Kirby Dach is hit by Chris Kreider.
12:00 of 1st period - Shot by Phillip Danault.
12:00 of 1st period - Stopped by Igor Shesterkin with a rebound.
12:23 of 1st period - Shot by Jakob Silfverberg.
12:23 of 1st period - Stopped by Igor Shesterkin without a rebound.
12:24 of 1st period - Nathan MacKinnon wins face-off versus Danton Heinen in SAN FRANCISCO SPIDERS zone.
12:35 of 1st period - Shot by Connor McDavid.
12:35 of 1st period - Goal by Connor McDavid - ANCHORAGE ACES : 2 - SAN FRANCISCO SPIDERS : 0.
12:36 of 1st period - Erik Haula wins face-off versus Connor McDavid in neutral zone.
13:57 of 1st period - Icing by Shea Weber.
13:58 of 1st period - Kirby Dach wins face-off versus Jakob Silfverberg in ANCHORAGE ACES zone.
14:53 of 1st period - Dominik Simon is hit by Milan Lucic and loses puck.
15:00 of 1st period - Shot by Andrei Svechnikov.
15:00 of 1st period - Shot Misses the Net.
15:54 of 1st period - Shot by Calle Jarnkrok.
15:54 of 1st period - Shot Blocked by Connor McDavid.
17:30 of 1st period - Shot by Danton Heinen.
17:30 of 1st period - Shot Blocked by Seth Jones.
18:48 of 1st period - Shot by Nate Thompson.
18:48 of 1st period - Shot Blocked by Michael Stone.
18:50 of 1st period - Shot by Dominik Simon.
18:50 of 1st period - Shot Misses the Net.
18:52 of 1st period - Shot by Ben Chiarot.
18:52 of 1st period - Stopped by Igor Shesterkin without a rebound.
18:53 of 1st period - Connor McDavid wins face-off versus Kirby Dach in SAN FRANCISCO SPIDERS zone.
18:56 of 1st period - Shot by Connor McDavid.
18:56 of 1st period - Stopped by Igor Shesterkin without a rebound.
18:57 of 1st period - Connor McDavid wins face-off versus Kirby Dach in SAN FRANCISCO SPIDERS zone.
18:58 of 1st period - Shot by Nathan MacKinnon.
18:58 of 1st period - Shot Blocked by Nate Schmidt.
19:00 of 1st period - Shot by Nathan MacKinnon.
19:00 of 1st period - Shot Blocked by Nate Schmidt.
19:02 of 1st period - Shot by Nathan MacKinnon.
19:02 of 1st period - Stopped by Igor Shesterkin without a rebound.
19:03 of 1st period - Danton Heinen wins face-off versus Nikolaj Ehlers in SAN FRANCISCO SPIDERS zone.
19:32 of 1st period - Shot by Andrei Svechnikov.
19:32 of 1st period - Stopped by Carey Price without a rebound.
19:33 of 1st period - Nate Thompson wins face-off versus Kirby Dach in ANCHORAGE ACES zone.
19:40 of 1st period - Ben Chiarot is hit by Eric Robinson.
19:49 of 1st period - Off-side.
19:50 of 1st period - Phillip Danault wins face-off versus Calle Jarnkrok in neutral zone.
Goals for this period are 2 for ANCHORAGE ACES vs 0 for SAN FRANCISCO SPIDERS.
Shots for this period are 13 for ANCHORAGE ACES vs 5 for SAN FRANCISCO SPIDERS.

2nd period


0:01 of 2nd period - Kirby Dach wins face-off versus Phillip Danault in neutral zone.
0:16 of 2nd period - Shot by Chris Kreider.
0:16 of 2nd period - Stopped by Igor Shesterkin without a rebound.
0:17 of 2nd period - Danton Heinen wins face-off versus Connor McDavid in SAN FRANCISCO SPIDERS zone.
0:29 of 2nd period - Shot by Andrei Svechnikov.
0:29 of 2nd period - Stopped by Carey Price without a rebound.
0:30 of 2nd period - Phillip Danault wins face-off versus Kirby Dach in ANCHORAGE ACES zone.
1:15 of 2nd period - Shot by Phillip Danault.
1:15 of 2nd period - Stopped by Igor Shesterkin with a rebound.
1:26 of 2nd period - Icing by Sean Walker.
1:27 of 2nd period - Connor McDavid wins face-off versus Kirby Dach in SAN FRANCISCO SPIDERS zone.
1:32 of 2nd period - Shot by Connor McDavid.
1:32 of 2nd period - Stopped by Igor Shesterkin with a rebound.
1:34 of 2nd period - Shot by Nikolaj Ehlers.
1:34 of 2nd period - Shot Misses the Net.
1:50 of 2nd period - Kirby Dach is hit by Connor McDavid and loses puck.
2:29 of 2nd period - Michael Stone is hit by Connor McDavid and loses puck.
2:37 of 2nd period - Icing by Jordan Oesterle.
2:38 of 2nd period - Phillip Danault wins face-off versus Danton Heinen in SAN FRANCISCO SPIDERS zone.
2:58 of 2nd period - Shot by Jakob Silfverberg.
2:58 of 2nd period - Stopped by Igor Shesterkin without a rebound.
2:59 of 2nd period - Erik Haula wins face-off versus Nate Thompson in SAN FRANCISCO SPIDERS zone.
3:40 of 2nd period - Nate Thompson is hit by Erik Haula and loses puck.
4:11 of 2nd period - Shot by Jakob Silfverberg.
4:11 of 2nd period - Deflect By Chris Kreider.
4:11 of 2nd period - Stopped by Igor Shesterkin without a rebound.
4:12 of 2nd period - Danton Heinen wins face-off versus Connor McDavid in SAN FRANCISCO SPIDERS zone.
4:26 of 2nd period - Nathan MacKinnon is hit by Michael Stone and loses puck.
4:33 of 2nd period - Shot by Nathan MacKinnon.
4:33 of 2nd period - Shot Blocked by Michael Stone.
4:35 of 2nd period - Shot by Ben Chiarot.
4:35 of 2nd period - Shot Misses the Net.
4:41 of 2nd period - Shot by Connor McDavid.
4:41 of 2nd period - Stopped by Igor Shesterkin without a rebound.
4:42 of 2nd period - Chris Kreider wins face-off versus Calle Jarnkrok in SAN FRANCISCO SPIDERS zone.
4:43 of 2nd period - Shot by Phillip Danault.
4:43 of 2nd period - Stopped by Igor Shesterkin without a rebound.
4:44 of 2nd period - Phillip Danault wins face-off versus Calle Jarnkrok in SAN FRANCISCO SPIDERS zone.
5:01 of 2nd period - Shot by Calle Jarnkrok.
5:01 of 2nd period - Stopped by Carey Price without a rebound.
5:02 of 2nd period - Connor McDavid wins face-off versus Danton Heinen in ANCHORAGE ACES zone.
5:09 of 2nd period - Shot by Nathan MacKinnon.
5:09 of 2nd period - Stopped by Igor Shesterkin with a rebound.
5:11 of 2nd period - Shot by Ben Chiarot.
5:11 of 2nd period - Shot Misses the Net.
6:43 of 2nd period - Icing by Ben Chiarot.
6:44 of 2nd period - Calle Jarnkrok wins face-off versus Connor McDavid in ANCHORAGE ACES zone.
6:45 of 2nd period - Shot by Dominik Kahun.
6:45 of 2nd period - Goal by Dominik Kahun - ANCHORAGE ACES : 2 - SAN FRANCISCO SPIDERS : 1.
6:46 of 2nd period - Calle Jarnkrok wins face-off versus Phillip Danault in neutral zone.
6:48 of 2nd period - Tyler Myers is hit by Shea Weber and loses puck.
6:58 of 2nd period - Jakob Silfverberg is hit by Sean Walker and loses puck.
7:03 of 2nd period - Shot by Jakob Silfverberg.
7:03 of 2nd period - Stopped by Igor Shesterkin without a rebound.
7:04 of 2nd period - Cal Clutterbuck wins face-off versus Danton Heinen in SAN FRANCISCO SPIDERS zone.
7:15 of 2nd period - Shot by Andrei Svechnikov.
7:15 of 2nd period - Stopped by Carey Price without a rebound.
7:16 of 2nd period - Phillip Danault wins face-off versus Calle Jarnkrok in ANCHORAGE ACES zone.
7:33 of 2nd period - Shot by Phillip Danault.
7:33 of 2nd period - Stopped by Igor Shesterkin without a rebound.
7:34 of 2nd period - Nate Thompson wins face-off versus Danton Heinen in SAN FRANCISCO SPIDERS zone.
7:57 of 2nd period - Shot by Cal Clutterbuck.
7:57 of 2nd period - Stopped by Igor Shesterkin without a rebound.
7:58 of 2nd period - Phillip Danault wins face-off versus Kirby Dach in SAN FRANCISCO SPIDERS zone.
8:06 of 2nd period - Icing by Darnell Nurse.
8:07 of 2nd period - Kirby Dach wins face-off versus Chris Kreider in SAN FRANCISCO SPIDERS zone.
8:40 of 2nd period - Shot by Chris Kreider.
8:40 of 2nd period - Shot Misses the Net.
8:42 of 2nd period - Shot by Shea Weber.
8:42 of 2nd period - Stopped by Igor Shesterkin with a rebound.
8:44 of 2nd period - Shot by Seth Jones.
8:44 of 2nd period - Stopped by Igor Shesterkin without a rebound.
8:45 of 2nd period - Calle Jarnkrok wins face-off versus Connor McDavid in SAN FRANCISCO SPIDERS zone.
9:20 of 2nd period - Shot by Nikolaj Ehlers.
9:20 of 2nd period - Shot Misses the Net.
9:22 of 2nd period - Shot by Zachary Werenski.
9:22 of 2nd period - Deflect By Connor McDavid.
9:22 of 2nd period - Stopped by Igor Shesterkin without a rebound.
9:23 of 2nd period - Andrei Svechnikov wins face-off versus Chris Kreider in SAN FRANCISCO SPIDERS zone.
9:35 of 2nd period - Shot by Chris Kreider.
9:35 of 2nd period - Shot Misses the Net.
9:43 of 2nd period - Phillip Danault is hit by Milan Lucic and loses puck.
10:04 of 2nd period - Shot by Andrei Svechnikov.
10:04 of 2nd period - Shot Misses the Net.
10:06 of 2nd period - Shot by Tyler Myers.
10:06 of 2nd period - Goal by Tyler Myers - ANCHORAGE ACES : 2 - SAN FRANCISCO SPIDERS : 2.
10:07 of 2nd period - Connor McDavid wins face-off versus Erik Haula in neutral zone.
10:21 of 2nd period - Shot by Erik Haula.
10:21 of 2nd period - Stopped by Carey Price with a rebound.
10:23 of 2nd period - Shot by Nate Schmidt.
10:23 of 2nd period - Shot Misses the Net.
10:29 of 2nd period - Shot by Erik Haula.
10:29 of 2nd period - Shot Misses the Net.
10:33 of 2nd period - Shot by Alexander Kerfoot.
10:33 of 2nd period - Goal by Alexander Kerfoot - ANCHORAGE ACES : 2 - SAN FRANCISCO SPIDERS : 3.
10:34 of 2nd period - Eric Robinson wins face-off versus Cal Clutterbuck in neutral zone.
10:39 of 2nd period - Shot by Kirby Dach.
10:39 of 2nd period - Shot Misses the Net.
10:43 of 2nd period - Shot by Kirby Dach.
10:43 of 2nd period - Shot Misses the Net.
11:00 of 2nd period - Icing by Ben Chiarot.
11:01 of 2nd period - Nate Thompson wins face-off versus Andrei Svechnikov in ANCHORAGE ACES zone.
11:05 of 2nd period - Off-side.
11:06 of 2nd period - Calle Jarnkrok wins face-off versus Phillip Danault in neutral zone.
11:09 of 2nd period - Seth Jones is hit by Owen Tippett and loses puck.
11:25 of 2nd period - Chris Kreider is hit by Sean Walker and loses puck.
11:32 of 2nd period - Shot by Jakob Silfverberg.
11:32 of 2nd period - Shot Misses the Net.
11:34 of 2nd period - Shot by Phillip Danault.
11:34 of 2nd period - Shot Misses the Net.
11:36 of 2nd period - Shot by Phillip Danault.
11:36 of 2nd period - Stopped by Igor Shesterkin with a rebound.
11:38 of 2nd period - Shot by Jakob Silfverberg.
11:38 of 2nd period - Shot Misses the Net.
11:42 of 2nd period - Shot by Jakob Silfverberg.
11:42 of 2nd period - Stopped by Igor Shesterkin without a rebound.
11:43 of 2nd period - Connor McDavid wins face-off versus Danton Heinen in SAN FRANCISCO SPIDERS zone.
13:06 of 2nd period - Shot by Shea Weber.
13:06 of 2nd period - Shot Blocked by Alexander Kerfoot.
13:08 of 2nd period - Shot by Shea Weber.
13:08 of 2nd period - Stopped by Igor Shesterkin without a rebound.
13:09 of 2nd period - Nate Thompson wins face-off versus Kirby Dach in SAN FRANCISCO SPIDERS zone.
13:14 of 2nd period - Shot by Cal Clutterbuck.
13:14 of 2nd period - Stopped by Igor Shesterkin without a rebound.
13:15 of 2nd period - Nate Thompson wins face-off versus Kirby Dach in SAN FRANCISCO SPIDERS zone.
13:18 of 2nd period - Shot by Cal Clutterbuck.
13:18 of 2nd period - Stopped by Igor Shesterkin without a rebound.
13:19 of 2nd period - Jakob Silfverberg wins face-off versus Kirby Dach in SAN FRANCISCO SPIDERS zone.
13:53 of 2nd period - Shot by Chris Kreider.
13:53 of 2nd period - Shot Blocked by Tyler Myers.
13:55 of 2nd period - Shot by Phillip Danault.
13:55 of 2nd period - Deflect By Chris Kreider.
13:55 of 2nd period - Shot Blocked by Tyler Myers.
13:57 of 2nd period - Shot by Phillip Danault.
13:57 of 2nd period - Shot Misses the Net.
13:59 of 2nd period - Shot by Seth Jones.
13:59 of 2nd period - Shot Misses the Net.
14:01 of 2nd period - Shot by Shea Weber.
14:01 of 2nd period - Shot Misses the Net.
14:03 of 2nd period - Shot by Phillip Danault.
14:03 of 2nd period - Shot Misses the Net.
14:35 of 2nd period - Shot by Nikolaj Ehlers.
14:35 of 2nd period - Shot Misses the Net.
14:57 of 2nd period - Shot by Nathan MacKinnon.
14:57 of 2nd period - Shot Misses the Net.
15:19 of 2nd period - Nate Thompson is hit by Tyler Myers and loses puck.
15:28 of 2nd period - Shot by Dominik Simon.
15:28 of 2nd period - Stopped by Igor Shesterkin with a rebound.
16:24 of 2nd period - Shot by Chris Kreider.
16:24 of 2nd period - Stopped by Igor Shesterkin without a rebound.
16:25 of 2nd period - Connor McDavid wins face-off versus Calle Jarnkrok in SAN FRANCISCO SPIDERS zone.
16:55 of 2nd period - Shot by Connor McDavid.
16:55 of 2nd period - Stopped by Igor Shesterkin without a rebound.
16:56 of 2nd period - Nate Thompson wins face-off versus Erik Haula in SAN FRANCISCO SPIDERS zone.
17:30 of 2nd period - Icing by Michael Stone.
17:31 of 2nd period - Phillip Danault wins face-off versus Erik Haula in SAN FRANCISCO SPIDERS zone.
17:56 of 2nd period - Ben Chiarot is hit by Erik Haula and loses puck.
19:02 of 2nd period - Off-side.
19:03 of 2nd period - Connor McDavid wins face-off versus Calle Jarnkrok in neutral zone.
Goals for this period are 0 for ANCHORAGE ACES vs 3 for SAN FRANCISCO SPIDERS.
Shots for this period are 22 for ANCHORAGE ACES vs 7 for SAN FRANCISCO SPIDERS.

3rd period


0:01 of 3rd period - Phillip Danault wins face-off versus Danton Heinen in neutral zone.
0:16 of 3rd period - Icing by Seth Jones.
0:17 of 3rd period - Phillip Danault wins face-off versus Calle Jarnkrok in ANCHORAGE ACES zone.
0:27 of 3rd period - Shot by Jakob Silfverberg.
0:27 of 3rd period - Stopped by Igor Shesterkin without a rebound.
0:28 of 3rd period - Connor McDavid wins face-off versus Danton Heinen in SAN FRANCISCO SPIDERS zone.
0:57 of 3rd period - Shot by Connor McDavid.
0:57 of 3rd period - Goal by Connor McDavid - ANCHORAGE ACES : 3 - SAN FRANCISCO SPIDERS : 3.
0:58 of 3rd period - Phillip Danault wins face-off versus Calle Jarnkrok in neutral zone.
1:11 of 3rd period - Shot by Chris Kreider.
1:11 of 3rd period - Stopped by Igor Shesterkin with a rebound.
1:13 of 3rd period - Shot by Seth Jones.
1:13 of 3rd period - Shot Misses the Net.
1:15 of 3rd period - Shot by Seth Jones.
1:15 of 3rd period - Stopped by Igor Shesterkin without a rebound.
1:16 of 3rd period - Dominik Simon wins face-off versus Kirby Dach in SAN FRANCISCO SPIDERS zone.
1:27 of 3rd period - Cal Clutterbuck is hit by Eric Robinson and loses puck.
2:23 of 3rd period - Darnell Nurse is hit by Chris Kreider and loses puck.
2:46 of 3rd period - Michael Stone is hit by Chris Kreider.
2:52 of 3rd period - Jordan Oesterle is hit by Chris Kreider and loses puck.
3:05 of 3rd period - Icing by Chris Kreider.
3:06 of 3rd period - Phillip Danault wins face-off versus Erik Haula in ANCHORAGE ACES zone.
3:06 of 3rd period - Phillip Danault is hit by Erik Haula.
4:41 of 3rd period - Zachary Werenski is hit by Alex Chiasson and loses puck.
4:45 of 3rd period - Dominik Simon is hit by Sean Walker and loses puck.
4:55 of 3rd period - Off-side.
4:56 of 3rd period - Danton Heinen wins face-off versus Phillip Danault in neutral zone.
5:31 of 3rd period - Shot by Danton Heinen.
5:31 of 3rd period - Shot Misses the Net.
5:43 of 3rd period - Shot by Phillip Danault.
5:43 of 3rd period - Shot Misses the Net.
5:56 of 3rd period - Minor Penalty to Michael Stone for Hooking.
5:57 of 3rd period - Calle Jarnkrok wins face-off versus Nathan MacKinnon in SAN FRANCISCO SPIDERS zone.
6:17 of 3rd period - Shot by Chris Kreider.
6:17 of 3rd period - Stopped by Igor Shesterkin without a rebound.
6:18 of 3rd period - Nikolaj Ehlers wins face-off versus Danton Heinen in SAN FRANCISCO SPIDERS zone.
6:52 of 3rd period - Icing by Ben Chiarot.
6:53 of 3rd period - Milan Lucic wins face-off versus Phillip Danault in ANCHORAGE ACES zone.
6:53 of 3rd period - Milan Lucic is hit by Ben Chiarot.
7:00 of 3rd period - Icing by Ben Chiarot.
7:01 of 3rd period - Nikolaj Ehlers wins face-off versus Danton Heinen in ANCHORAGE ACES zone.
7:16 of 3rd period - Shot by Nikolaj Ehlers.
7:16 of 3rd period - Deflect By Phillip Danault.
7:16 of 3rd period - Shot Blocked by Tyler Myers.
7:42 of 3rd period - Shot by Connor McDavid.
7:42 of 3rd period - Stopped by Igor Shesterkin without a rebound.
7:43 of 3rd period - Nathan MacKinnon wins face-off versus Milan Lucic in SAN FRANCISCO SPIDERS zone.
7:48 of 3rd period - Shot by Nathan MacKinnon.
7:48 of 3rd period - Stopped by Igor Shesterkin without a rebound.
7:49 of 3rd period - Milan Lucic wins face-off versus Chris Kreider in SAN FRANCISCO SPIDERS zone.
8:02 of 3rd period - Shot by Dominik Simon.
8:02 of 3rd period - Stopped by Igor Shesterkin without a rebound.
8:03 of 3rd period - Calle Jarnkrok wins face-off versus Nikolaj Ehlers in SAN FRANCISCO SPIDERS zone.
8:24 of 3rd period - Shot by Nathan MacKinnon.
8:24 of 3rd period - Shot Misses the Net.
9:39 of 3rd period - Off-side.
9:40 of 3rd period - Kirby Dach wins face-off versus Phillip Danault in neutral zone.
10:14 of 3rd period - Minor Penalty to Tyler Myers for Roughing.
10:15 of 3rd period - Phillip Danault wins face-off versus Danton Heinen in SAN FRANCISCO SPIDERS zone.
12:22 of 3rd period - Eric Robinson is hit by Jacob de la Rose and loses puck.
13:26 of 3rd period - Icing by Nate Schmidt.
13:27 of 3rd period - Calle Jarnkrok wins face-off versus Jacob de la Rose in SAN FRANCISCO SPIDERS zone.
13:34 of 3rd period - Shot by Nate Schmidt.
13:34 of 3rd period - Shot Misses the Net.
13:36 of 3rd period - Shot by Calle Jarnkrok.
13:36 of 3rd period - Shot Misses the Net.
13:38 of 3rd period - Shot by Nate Schmidt.
13:38 of 3rd period - Shot Misses the Net.
13:40 of 3rd period - Shot by Nate Schmidt.
13:40 of 3rd period - Stopped by Carey Price without a rebound.
13:41 of 3rd period - Erik Haula wins face-off versus Connor McDavid in ANCHORAGE ACES zone.
14:34 of 3rd period - Alex Chiasson is hit by Cal Clutterbuck and loses puck.
14:44 of 3rd period - Icing by Zachary Werenski.
14:45 of 3rd period - Nate Thompson wins face-off versus Kirby Dach in ANCHORAGE ACES zone.
14:58 of 3rd period - Nate Schmidt is hit by Zachary Werenski and loses puck.
15:11 of 3rd period - Darnell Nurse is hit by Cal Clutterbuck and loses puck.
15:56 of 3rd period - Shot by Chris Kreider.
15:56 of 3rd period - Deflect By Jakob Silfverberg.
15:56 of 3rd period - Stopped by Igor Shesterkin without a rebound.
15:57 of 3rd period - Connor McDavid wins face-off versus Calle Jarnkrok in SAN FRANCISCO SPIDERS zone.
15:57 of 3rd period - Connor McDavid is hit by Jordan Oesterle.
16:57 of 3rd period - Shot by Danton Heinen.
16:57 of 3rd period - Stopped by Carey Price without a rebound.
16:58 of 3rd period - Erik Haula wins face-off versus Phillip Danault in ANCHORAGE ACES zone.
17:13 of 3rd period - Shot by Chris Kreider.
17:13 of 3rd period - Shot Misses the Net.
17:15 of 3rd period - Shot by Chris Kreider.
17:15 of 3rd period - Deflect By Jakob Silfverberg.
17:15 of 3rd period - Stopped by Igor Shesterkin with a rebound.
17:17 of 3rd period - Shot by Phillip Danault.
17:17 of 3rd period - Shot Misses the Net.
17:19 of 3rd period - Shot by Phillip Danault.
17:19 of 3rd period - Shot Misses the Net.
17:21 of 3rd period - Shot by Nathan Beaulieu.
17:21 of 3rd period - Stopped by Igor Shesterkin without a rebound.
17:22 of 3rd period - Nate Thompson wins face-off versus Andrei Svechnikov in SAN FRANCISCO SPIDERS zone.
17:34 of 3rd period - Icing by Ben Chiarot.
17:35 of 3rd period - Kirby Dach wins face-off versus Nate Thompson in ANCHORAGE ACES zone.
17:47 of 3rd period - Off-side.
17:48 of 3rd period - Connor McDavid wins face-off versus Danton Heinen in neutral zone.
18:01 of 3rd period - Shot by Nikolaj Ehlers.
18:01 of 3rd period - Deflect By Nathan MacKinnon.
18:01 of 3rd period - Shot Hit the Post.
18:53 of 3rd period - Shot by Dominik Kahun.
18:53 of 3rd period - Shot Misses the Net.
19:04 of 3rd period - Nathan MacKinnon is hit by Nate Schmidt and loses puck.
Goals for this period are 1 for ANCHORAGE ACES vs 0 for SAN FRANCISCO SPIDERS.
Shots for this period are 11 for ANCHORAGE ACES vs 2 for SAN FRANCISCO SPIDERS.

Overtime #1


0:01 of 1st overtime period - Connor McDavid wins face-off versus Eric Robinson in neutral zone.
0:04 of 1st overtime period - Shot by Nikolaj Ehlers.
0:04 of 1st overtime period - Shot Blocked by Andrei Svechnikov.
2:39 of 1st overtime period - Off-side.
2:40 of 1st overtime period - Nathan MacKinnon wins face-off versus Calle Jarnkrok in neutral zone.
2:47 of 1st overtime period - Shot by Nathan MacKinnon.
2:47 of 1st overtime period - Shot Misses the Net.
2:51 of 1st overtime period - Shot by Nikolaj Ehlers.
2:51 of 1st overtime period - Stopped by Igor Shesterkin without a rebound.
2:52 of 1st overtime period - Nathan MacKinnon wins face-off versus Nico Sturm in SAN FRANCISCO SPIDERS zone.
2:53 of 1st overtime period - Shot by Nikolaj Ehlers.
2:53 of 1st overtime period - Shot Misses the Net.
3:13 of 1st overtime period - Shot by Nathan MacKinnon.
3:13 of 1st overtime period - Stopped by Igor Shesterkin with a rebound.
3:54 of 1st overtime period - Shot by Erik Haula.
3:54 of 1st overtime period - Shot Blocked by Connor McDavid.
3:56 of 1st overtime period - Shot by Darnell Nurse.
3:56 of 1st overtime period - Stopped by Carey Price without a rebound.
3:57 of 1st overtime period - Erik Haula wins face-off versus Connor McDavid in ANCHORAGE ACES zone.
4:04 of 1st overtime period - Shot by Erik Haula.
4:04 of 1st overtime period - Shot Misses the Net.
4:49 of 1st overtime period - Shot by Nikolaj Ehlers.
4:49 of 1st overtime period - Shot Misses the Net.
4:51 of 1st overtime period - Shot by Nathan MacKinnon.
4:51 of 1st overtime period - Goal by Nathan MacKinnon - ANCHORAGE ACES : 4 - SAN FRANCISCO SPIDERS : 3.
Goals for this period are 1 for ANCHORAGE ACES vs 0 for SAN FRANCISCO SPIDERS.
Shots for this period are 3 for ANCHORAGE ACES vs 1 for SAN FRANCISCO SPIDERS.


SEBASTIAN
AHO
MARK
SCHEIFELE
JAKE
OETTINGER

EAST COAST

HOCKEY LEAGUE

  • 17.QUE3CHI2
  • 18.CHA2LIM4
  • 19.TRV3LON2
  • 20.CHW1BAL2
  • 21.PITMAN
  • 22.ATLNHW
  • 23.WORPET
  • 24.RHI